AoeStats
← Barón de la Cerveza

Arabian Desert

508976475Analyzed
1v1 RM · 7d ago on Sep 24, 2026· 42m 59s· 2 players
Game mode
Random Map
Map size
Tiny (2 player)
Population
200
Speed
Normal
Resources
Standard
Victory
Conquest
Starting age
Dark Age
Ending age
Imperial Age
RankedLock teamsTeams togetherTeam positionsShared explorationLock speedFull tech treeHidden civsTurbo modeCheats
Victory
Defeat
🇦🇷 Malay · Argentina
1908
+16
🇲🇽 Magyars · Mexico
1899
-16
Barón de la Cerveza
6:17 Loom
8:46 Feudal Age
11:02 Double-Bit Axe
11:26 Town Watch
17:11 Fletching
23:25 Castle Age
21:49 Horse Collar
23:53 Crossbowman
24:35 Bodkin Arrow
24:02 Elite Skirmisher
25:07 Gold Mining
31:52 Bow Saw
32:34 Padded Archer Armor
33:43 Leather Archer Armor
34:45 Ballistics
40:30 Imperial Age
41:43 Ring Archer Armor
40:35 Crossbowman
iRaptor99
7:16 Loom
9:30 Feudal Age
9:48 Man-at-Arms
14:20 Fletching
16:13 Double-Bit Axe
21:54 Castle Age
21:03 Horse Collar
20:53 Crossbowman
21:35 Bodkin Arrow
21:51 Horse Collar
26:24 Wheelbarrow
27:13 Bow Saw
29:36 Town Watch
30:01 Heavy Plow
29:55 Gold Mining
30:53 Hand Cart
31:43 Padded Archer Armor
32:56 Ballistics
36:22 Imperial Age
35:35 Gold Shaft Mining
35:56 Bracer
36:58 Chemistry
36:19 Arbalester
39:50 Thumb Ring
40:27 Elite Battle Elephant
41:12 Scale Barding Armor
42:15 Forging
42:12 Husbandry
42:50 Conscription
Connection lost

Rejoining the realm…

Still unreachable

The connection could not be restored.

Session expired

The server has moved on; the page needs a fresh start.